 Dungeon Crawl Stone Soup version 0.30.0-29-ga12c61a403 (webtiles) character file.

Game seed: 7885801529502880844

240 Revguard the Chopper (level 6, -6/53 HPs)
             Began as a Hill Orc Monk on June 8, 2023.
             Was a Believer of Beogh.
             Mangled by a +4 spectral club (10 damage)
             ... created by Ijyb
             ... on level 4 of the Dungeon.
             The game lasted 00:08:46 (2917 turns).

Revguard the Chopper (Hill Orc Monk)                Turns: 2917, Time: 00:08:46

Health: -6/53      AC: 19    Str: 14 (16) XL:     6   Next: 8%
Magic:  7/7        EV:  7    Int: 10      God:    Beogh [**....]
Gold:   200        SH:  0    Dex: 12 (13) Spells: 5/5 levels left

rFire   . . .        a - +0 hand axe
rCold   . . .        d - orb {light}
rNeg    . . .        l - +8 chain mail {ponderous}
rPois   +            (no helmet)
rElec   .            (no cloak)
rCorr   .            (no gloves)
SInv    .            f - +2 pair of boots
Will    .....        (no amulet) Stlth
                     p - ring of poison resistance
HPRegen 0.28/turn    (no ring)
MPRegen 0.10/turn

%: no passive effects
@: glowing, slow
A: no striking features
a: Renounce Religion, Smiting


You were on level 4 of the Dungeon.
You worshipped Beogh.
Beogh was pleased with you.
You visited 1 branch of the dungeon, and saw 4 of its levels.

You collected 200 gold pieces.

Inventory:

Hand Weapons
 a - a +0 hand axe (weapon)
Armour
 b - a +0 robe
 d - an orb of light (worn)
 f - a +2 pair of boots (worn)
 l - a +8 chain mail of ponderousness (worn)
 s - a +0 leather armour
Jewellery
 i - a ring of magical power
 p - a ring of poison resistance (left hand)
 u - a ring of fire
Scrolls
 g - 2 scrolls of enchant armour {unknown}
 h - a scroll of amnesia {unknown}
 j - a scroll of enchant weapon {unknown}
 k - a scroll of immolation {unknown}
 v - a scroll of teleportation
 w - a scroll of vulnerability {unknown}
Potions
 c - 4 potions of ambrosia
 e - a potion of flight
 m - a potion of magic
 n - a potion of degeneration
 q - a potion of might
 r - a potion of mutation
 t - 2 potions of haste {unknown}


   Skills:
 + Level 4.3 Fighting
 + Level 4.9 Axes
 + Level 2.0 Armour
 + Level 3.1 Dodging
 + Level 2.0 Shields
 + Level 2.5 Invocations
 + Level 2.0 Evocations


You had 5 spell levels left.
You didn't know any spells.
Your spell library contained the following spells:

 Spells                   Type           Power      Damage    Failure   Level
 Necrotise                Necr           0%         1d4       100%        1
 Vampiric Draining        Necr           0%         2d6       100%        3
 Vhi's Electric Charge    Tloc/Air       0%         N/A       100%        3
 Agony                    Necr           0%         N/A       100%        5
 Arcjolt                  Conj/Air       0%         1d10      100%        5
 Plasma Beam              Fire/Air       0%         2x1d11    100%        6


Dungeon Overview and Level Annotations

Branches:
Dungeon (4/15)             Temple (0/1) D:4

Altars:
Ashenzari

Annotations:
D:4 Ijyb


Message History

The orc hits you with a +0 falchion.
You hit Ijyb.
Ijyb is heavily wounded.
You hit the orc.
You kill the orc!
Beogh accepts your kill.
Ijyb zaps a wand.
The puff of flame hits you but does no damage.
Your Evocations skill increases to level 2!
You hit Ijyb.
Ijyb is severely wounded.
You hit the kobold but do no damage. Ijyb hits you but does no damage.
The kobold hits you but does no damage.
You hit Ijyb.
Ijyb is almost dead.
You hit the kobold.
You kill the kobold!
Beogh accepts your kill. Ijyb hits you with a +4 spectral club.
The +4 spectral club hits you.
* * * LOW HITPOINT WARNING * * *
A +4 spectral club comes into view.
You hit Ijyb but do no damage.
Ijyb is almost dead.
You hit the +4 spectral club but do no damage.
Ijyb hits you but does no damage.
The +4 spectral club hits you but does no damage.
You hit Ijyb but do no damage.
Ijyb is almost dead.
You closely miss the +4 spectral club. Ijyb hits you with a +4 spectral club.
* * * LOW HITPOINT WARNING * * *
The +4 spectral club hits you!
* * * LOW HITPOINT WARNING * * *
You feel better. The +4 spectral club hits you!
* * * LOW HITPOINT WARNING * * *
The +4 spectral club hits you but does no damage. x2
Ijyb hits you but does no damage. The +4 spectral club hits you.
* * * LOW HITPOINT WARNING * * *
The +4 spectral club attacks as you move away!
The +4 spectral club hits you!
You die...

................
.#######.####### +### #.#
...## #.#########
....####.........# .
.[..##.....#####. #l.
....##.###.#... ...
....##.#<#.#.#.#### ##.#.#.
....##.#.#.#.#..@g##..g.g.$
....##.#...#.####(#:..#.
#..............<....#......
#.###......#.####.#...#.>.#
#.# #.####.#........#......
'.# #.# #.#...#.##...#.#.#
#####.# #.##.##.#..#.....
......# #....##.......#.#
~~~~~## #########..##...


You could see a +4 spectral club and Ijyb.

Vanquished Creatures
  An iguana (D:4)
  Terence (D:2)
  2 orc wizards
  4 gnolls
  4 adders (D:2)
  An ufetubus (D:4)
  4 orcs
  4 ball pythons
  4 endoplasms
  4 giant cockroaches
  4 goblins
  10 hobgoblins
  10 kobolds
  3 quokkas
  2 bats
  6 frilled lizards
  11 rats
75 creatures vanquished.

Vanquished Creatures (others)
  An adder (D:3)
  An orc (D:3)
  A hobgoblin (D:3)
3 creatures vanquished.

Grand Total: 78 creatures vanquished

Notes
Turn   | Place    | Note
-------+----------+-------------------------------------------
     0 | D:1      | Revguard the Hill Orc Monk began the quest for the Orb.
     0 | D:1      | Reached XP level 1. HP: 19/19 MP: 1/1
   212 | D:1      | Reached XP level 2. HP: 26/27 MP: 2/2
   288 | D:1      | Reached skill level 1 in Invocations
   459 | D:1      | Reached XP level 3. HP: 33/33 MP: 3/3
   701 | D:1      | Reached skill level 1 in Shields
   880 | D:2      | Reached skill level 1 in Armour
   928 | D:2      | Reached skill level 1 in Evocations
  1057 | D:2      | Reached XP level 4. HP: 40/40 MP: 5/5
  1466 | D:3      | Noticed Terence
  1962 | D:3      | Reached XP level 5. HP: 12/46 MP: 6/6
  2175 | D:3      | Found a broken altar of Ashenzari.
  2180 | D:3      | Became a worshipper of Beogh the Brigand
  2180 | D:3      | Reached * piety under Beogh
  2180 | D:3      | Reached ** piety under Beogh
  2537 | D:2      | Killed Terence
  2842 | D:4      | Noticed a kobold brigand
  2887 | D:4      | Found a staircase to the Ecumenical Temple.
  2887 | D:4      | Noticed Ijyb
  2899 | D:4      | Reached XP level 6. HP: 50/53 MP: 7/7
  2917 | D:4      | Mangled by a +4 spectral club

Illustrated notes

Levels and vault maps discovered:
D:1:      tekkud_arrival_beachfront_property, layout_basic,
          serial_bayou_lagoon_b
D:2:      layout_basic, minmay_rat_gold_closets
D:3:      layout_rooms, ashenzari_conservatory_becter, uniq_terence
D:4:      cheibrodos_thug_alley, layout_basic, minmay_temple_entry_sparse_star,
          minmay_checkerbox, uniq_ijyb

Skill      XL: |  1  2  3  4  5  6 |
---------------+-------------------+-----
Invocations    | 1 2 |  2.5
Shields        | 1 2 |  2.0
Armour         | 1 2 |  2.0
Evocations     | 1 2 |  2.0
Fighting       | 4 |  4.3
Dodging        | 3 |  3.1
Axes           | |  4.9

Action                     |  1- 3 |  4- 6 || total
---------------------------+-------+-------++-------
  Melee: Hand axe          |   120 |   194 ||   314
 Invoke: Convert to Beogh  |       |     1 ||     1
    Use: Scroll            |       |     6 ||     6
         Potion            |       |     6 ||     6
 Armour: Robe              |    45 |    35 ||    80
         Skin              |       |    19 ||    19
         Chain mail        |       |    40 ||    40
         Leather armour    |       |     4 ||     4
  Dodge: Dodged            |    92 |   104 ||   196
